AoeStats
← KartaL-tr77

Arena

510411035Analyzed
1v1 RM · 2d ago on Sep 30, 2026· 44m 55s· 2 players
Game mode
Random Map
Map size
Tiny (2 player)
Population
200
Speed
Normal
Resources
Standard
Victory
Conquest
Starting age
Dark Age
Ending age
Imperial Age
RankedLock teamsTeams togetherTeam positionsShared explorationLock speedFull tech treeHidden civsTurbo modeCheats
Victory
Defeat
🇹🇷 Turks · Türkiye
951
+16
🇹🇷 Japanese · Türkiye
942
-16
Ospan Batyr
11:23 Feudal Age
15:06 Castle Age
12:55 Double-Bit Axe
18:15 Pikeman
20:07 Elite Skirmisher
24:21 Padded Archer Armor
26:10 Horse Collar
26:50 Bow Saw
27:33 Leather Archer Armor
27:19 Scale Mail Armor
28:47 Squires
29:41 Heavy Plow
30:54 Wheelbarrow
31:36 Thumb Ring
31:55 Fletching
32:20 Chain Mail Armor
33:25 Ballistics
33:19 Forging
33:04 Bodkin Arrow
33:36 Hand Cart
37:23 Imperial Age
34:41 Loom
39:14 Conscription
38:15 Elite Samurai
39:22 Gold Mining
41:12 Two-Man Saw
41:20 Gold Shaft Mining
40:50 Heavy Cavalry Archer
41:55 Parthian Tactics
43:04 Chemistry
42:45 Scale Barding Armor
42:58 Stone Mining
45:01 Ring Archer Armor
KartaL-tr77
11:43 Feudal Age
16:21 Castle Age
14:19 Double-Bit Axe
14:17 Horse Collar
17:52 Bow Saw
18:11 Heavy Plow
22:12 Wheelbarrow
23:19 Loom
27:33 Imperial Age
26:35 Fortified Wall
26:28 Fletching
26:39 Padded Archer Armor
27:07 Scale Barding Armor
28:48 Hand Cart
28:51 Town Watch
29:57 Bodkin Arrow
31:58 Bracer
32:15 Leather Archer Armor
33:49 Ballistics
34:25 Conscription
34:54 Ring Archer Armor
39:35 Chain Barding Armor
39:26 Forging
39:25 Artillery
39:46 Bloodlines
42:35 Iron Casting
Connection lost

Rejoining the realm…

Still unreachable

The connection could not be restored.

Session expired

The server has moved on; the page needs a fresh start.